[Event "21st IPCA World Championship 2022"]
[Site "Ashdod"]
[Date "2022.05.13"]
[Round "5.1"]
[White "Obodchuk, Andrei"]
[Black "Gurbanov, Andrei"]
[Result "0-1"]
[ECO "C47"]
[WhiteElo "2295"]
[BlackElo "2302"]
[Annotator "TA"]
[PlyCount "120"]
[EventDate "2022.05.09"]
[EventType "swiss"]
[EventCountry "ISR"]
[SourceTitle "playchess.com"]
[Source "ChessBase"]
[SourceQuality "1"]
[TimeControl "5400+30"]

1. e4 e5 2. Nf3 Nc6 3. Nc3 Nf6 4. d4 exd4 5. Nxd4 Bb4 6. Nxc6 bxc6 7. Bd3 d5 8. exd5 cxd5 {[%emt 0:00:08] 8...0-0 injects fresh life into this line.} 9. O-O O-O 10. h3 {[%emt 0:00:13] Inhibits Bg4. C47: Scotch Four Knights and Four Knights with 4 g3.} Be6 11. Qf3 Rb8 12. Bf4 {[%emt 0:03:15] [#] The position is equal.} Be7 $146 ({Predecessor:} 12... Bd6 13. b3 Rb4 14. Ne2 h6 15. Rad1 c5 16. Rfe1 Re8 17. c3 Rb7 18. c4 Rd7 19. Bxd6 Rxd6 {½-½ (38) Xiong,J (2709)-Fedoseev,V (2674) Chess.com INT 2020}) 13. b3 d4 (13... Bd6 $11) 14. Ne4 (14. Nb5 $1 $16) 14... Nd5 ({Black should try} 14... Nxe4 $14 15. Qxe4 g6) 15. Be5 $16 f5 16. Ng3 $40 {[%emt 0:00:43][%mdl 128] White is out for blood.} g6 17. Bc4 (17. Ne2 $18) 17... Bf6 18. Rae1 (18. Rfe1 $1 $16 {aiming for Bxf6.} Bf7 19. Bxd5 Bxd5 20. Qf4) 18... Bf7 $1 $14 19. Bxd5 Bxd5 20. Qf4 Ba8 21. Bxc7 Qd5 22. f3 Rbc8 (22... Rbe8 $14) 23. Be5 $1 $16 Rxc2 $2 (23... Be7 $16) 24. Bxf6 $18 Rxf6 25. Re8+ Rf8 26. Rxf8+ Kxf8 27. Re1 $1 {[%emt 0:00:26] White threatens Qh6+ and mate.} Qd7 {[%emt 0:07:34] [#]} 28. Qe5 $2 (28. Nxf5 $1 $18 {[%mdl 512] has better winning chances. Threatening mate with Qh6+.} gxf5 29. Qh6+ Kg8 30. Qg5+ Kf8 31. Qf6+ Kg8 32. Re7 Qxe7 33. Qxe7) 28... Bd5 $16 29. Rd1 Qc7 30. Qh8+ Bg8 31. Qf6+ ({Don't do} 31. Qxd4 $6 Qb6 $14) 31... Bf7 32. Rxd4 Ke8 {[%emt 0:00:56] Prevents Rd8+.} (32... Qb6 $16 {keeps fighting.} 33. Qh8+ Ke7) 33. Nf1 (33. Rd6 $18) 33... Rxa2 34. Qh8+ Ke7 35. Rd3 (35. Qxh7 $14 Ke6 36. Qh4) 35... Re2 $1 $11 36. Re3+ $2 {[%emt 0:05:53][%mdl 8192] Black keeps a firm grip on the game.} ({Avoid the trap} 36. Qxh7 $2 Qb6+ 37. Ne3 (37. Kh1 $2 Qf2 $19) 37... Rxe3 $19) (36. Rd1 $11 {and White has nothing to worry.}) 36... Rxe3 $19 37. Nxe3 Qc5 38. Qxh7 Qxe3+ {[%emt 0:00:12][%mdl 4096] Endgame} 39. Kh2 Qxb3 40. Qh4+ Ke6 41. Qe1+ Kd7 42. Qa1 Qb6 43. f4 a5 44. Qg7 Qe6 45. Qd4+ Qd5 46. Qb6 Ke7 47. h4 Be8 {[%emt 0:01:38] Threatens to win with ...Bc6.} 48. Qe3+ Kf8 49. Qc3 a4 50. h5 gxh5 51. Qf6+ Bf7 {[%emt 0:00:09] ( -> ...a3)} 52. Qh8+ Ke7 53. Qb8 Qe4 54. Kg3 Qe1+ (54... Qe3+ $142 55. Kh4 a3 56. Qb7+ Kf8 57. Kg5 Qe7+ 58. Qxe7+ Kxe7 59. Kxf5 a2 60. Ke4 a1=Q 61. Ke3 Qc3+ 62. Ke2 h4 63. Kf2 Bc4 64. f5 Qg3+ 65. Kg1 h3 66. f6+ Kxf6 67. Kh1 Qxg2#) 55. Kh2 Qe4 56. Kg3 $1 Be8 (56... Qe3+ $142 57. Kh4 a3 58. Qb7+ Kf8 59. Qd7 Kg7 60. Qa4 a2 61. Qa5 Qxf4+ 62. Kh3 {[#]} Bd5 $1 63. Qc3+ Kg6 64. Qg3+ Qxg3+ 65. Kxg3 a1=Q 66. Kf2 Qd4+ 67. Ke2 Bxg2 68. Ke1 Qb2 69. Kd1 Bf3+ 70. Ke1 Qe2#) 57. Kh4 Kf8 {[%emt 0:01:02] Black mates.} 58. Kg5 Qe7+ 59. Kxf5 Kg7 60. Qb2+ Kh7 {[%emt 0:00:01] Weighted Error Value: White=0.64/Black=0.40} 0-1

[Event "21st IPCA World Championship 2022"]
[Site "Ashdod"]
[Date "2022.05.13"]
[Round "5.2"]
[White "Yarmonov, Igor"]
[Black "Babanov, Aleksandr"]
[Result "1-0"]
[ECO "D13"]
[WhiteElo "2394"]
[BlackElo "1929"]
[Annotator "TA"]
[PlyCount "127"]
[EventDate "2022.05.09"]
[EventType "swiss"]
[EventCountry "ISR"]
[SourceTitle "playchess.com"]
[Source "ChessBase"]
[SourceQuality "1"]
[TimeControl "5400+30"]

1. d4 d5 2. c4 c6 3. Nf3 Nf6 4. cxd5 cxd5 5. Nc3 e6 6. Bf4 Nc6 {[%emt 0:04:37] 6...Be7 is becoming the main line.} 7. e3 Bb4 8. a3 {[%emt 0:00:19] D13: Slav Defence: Exchange variation without ...Bf5.} Bxc3+ 9. bxc3 Qa5 10. Qb3 {[%emt 0:00:35] The position is equal.} Ne4 11. Rc1 O-O 12. Bd3 Nf6 (12... b6 $11) 13. O-O $16 Nh5 {[%emt 0:03:31] [#]} 14. Be5 $146 ({Predecessor:} 14. Bd6 Re8 15. h3 Qd8 16. Bh2 b6 17. Bb5 Na5 18. Qd1 Bd7 19. Bxd7 Qxd7 20. Ne5 {1-0 (32) Kovalenko,Y-Lukach,M Lvov 2003}) 14... Nxe5 15. dxe5 {[%emt 0:00:04] [#] Threatens to win with g4.} g6 16. c4 Rb8 17. cxd5 exd5 18. Nd4 Ng7 {[%emt 0:04:38] [#]} ({Black should play} 18... Be6) 19. Rc3 {[%emt 0:05:27] White is much more active. The black rooks are badly placed.} ({White should try} 19. Nc6 $1 $16 bxc6 20. Qxb8) 19... Bd7 $14 20. Rfc1 Rfc8 {[%emt 0:05:09] Prevents Rc5.} 21. Bb5 Rxc3 22. Rxc3 Be6 23. h3 h5 24. Be2 {[%emt 0:02:19][%cal Od4c6,Bb5e2,Be2f3,Bf3d5][%mdl 32] And now Nc6! would win.} Bd7 {[%emt 0:01:50] Against Nc6} (24... Re8 $142) 25. Bf3 $16 Rd8 $2 {[%emt 0:02:52] Loses the game.} (25... Rc8 $16 26. Rxc8+ (26. Qxb7 Rxc3 27. Qxd7 Qc7 $15) 26... Bxc8) 26. Bxd5 $18 Be8 27. e4 ({Less strong is} 27. Bxb7 Rb8 $16) 27... h4 28. Qb4 Rxd5 (28... Qxb4 {was necessary.} 29. axb4 Nh5) 29. exd5 Qxd5 30. Rc5 Qe4 31. Nf3 ({Resist} 31. Rc8 a5 32. Qd6 Qe1+ 33. Kh2 Qxf2 $18) 31... Qxb4 32. axb4 {[%emt 0:00:04][%mdl 4096] Endgame KRN-KBN} b6 33. Rc8 Kf8 34. Nxh4 a5 35. Rb8 axb4 36. Rxb6 b3 37. Rxb3 Ne6 38. Nf3 Bc6 39. h4 Bd5 40. Rb8+ Ke7 41. Ng5 Nf4 (41... Nxg5 $142 42. hxg5 Ke6) 42. g3 Nd3 43. f4 Kd7 44. Rb1 Ke7 45. Rd1 Bc4 46. Ra1 Bd5 47. Ra7+ Ke8 48. Rc7 Ba2 49. Kg2 Bd5+ 50. Kf1 Nb4 51. Ke2 Na6 52. Ra7 Nb4 53. Ke3 Nc6 54. Ra8+ Ke7 55. Ra6 Nb8 56. Ra7+ Ke8 57. g4 Nc6 58. Ra6 {[%emt 0:01:03] Black must now prevent h5.} Nb4 59. Ra5 Bc4 60. Ra4 Nc2+ 61. Kd2 Bb3 62. Ra8+ Ke7 63. Kc3 Bd5 64. Ra7+ {[%emt 0:00:07] Weighted Error Value: White=0.15 (very precise) /Black=0.41} 1-0

[Event "21st IPCA World Championship 2022"]
[Site "Ashdod"]
[Date "2022.05.13"]
[Round "5.3"]
[White "Zilberman, Yaacov"]
[Black "Mikheev, Stanislav"]
[Result "1/2-1/2"]
[ECO "D94"]
[WhiteElo "2315"]
[BlackElo "2333"]
[Annotator "TA"]
[PlyCount "102"]
[EventDate "2022.05.09"]
[EventType "swiss"]
[EventCountry "ISR"]
[SourceTitle "playchess.com"]
[Source "ChessBase"]
[SourceQuality "1"]
[TimeControl "5400+30"]

1. d4 Nf6 2. Nf3 g6 3. c4 Bg7 4. Nc3 d5 5. e3 O-O 6. Bd2 b6 {[%emt 0:06:18] 6...e6 is a critical line.} 7. cxd5 Nxd5 8. Bc4 {[%emt 0:00:17] D94: Grünfeld: 4 Nf3 Bg7 5 e3.} Bb7 9. O-O e6 10. Rc1 Nd7 11. Qe2 c5 12. Rfd1 cxd4 {[%emt 0:05:37] [#]} 13. exd4 $146 ({Predecessor:} 13. Nxd4 Qe7 14. Nxd5 exd5 15. Ba6 Nc5 16. Bxb7 Qxb7 17. b4 Ne4 18. b5 a6 19. Bb4 {1-0 (57) Vogel,R (2165)-Linhart,W (2066) Bayern 2015}) 13... N7f6 14. Ne5 Nxc3 15. bxc3 Nd5 16. Bd3 Qd6 17. c4 Ne7 18. Bc3 Rac8 19. Qb2 Rfd8 20. Be2 Nc6 21. c5 Qc7 22. Nc4 $36 {[%emt 0:02:23][%mdl 2048] White has some pressure.} Ba6 23. Nd6 Bxe2 24. Qxe2 Rxd6 (24... Bh6 $11 {keeps the balance.}) 25. cxd6 $16 Qxd6 26. d5 exd5 27. Bxg7 Kxg7 28. h3 ({Better is} 28. Qb5 $1) 28... Rd8 {[%emt 0:03:41] [#]} 29. Qc2 $1 Ne7 30. Qc7 Rd7 31. Qxd6 Rxd6 {[%emt 0:00:01][%mdl 4096] Endgame KRR-KRN} 32. Rc7 Nc6 33. Rc1 {[%emt 0:00:39][%mdl 1024] White has strong compensation.} Nd4 {[%emt 0:00:22] Hoping for ...Ne2+.} 34. Kf1 {[%emt 0:00:41] Against Ne2} Nb5 35. R7c6 Rf6 (35... Rd7 $16) 36. a4 (36. Rxf6 $18 {and the rest is easy.} Kxf6 37. a4) 36... Nd4 {[%emt 0:02:31] [#]} (36... Nd6 $16) 37. Rxf6 $1 $18 Kxf6 {[%emt 0:00:01] KR-KN} 38. Rc7 Nb3 39. Rxa7 Nc5 40. Ke2 Ke6 41. g4 h6 42. f4 d4 43. Kd2 h5 (43... Kf6 {was called for.} 44. Rc7 Nxa4 45. Rc6+ Ke7) 44. Ke2 hxg4 45. hxg4 {[%emt 0:00:06] Threatens to win with g5.} Kf6 46. Ra8 Ke6 47. Kf3 Kd5 $2 (47... Ke7 48. Ra7+ Kf6) 48. Ra7 Ke6 49. Ke2 (49. g5 $142 {Ke2 is the strong threat.} d3 50. Ke3) 49... Kf6 $1 50. Kf3 Ke6 51. Ke2 {[%emt 0:00:32] aiming for g5.} Kf6 $1 {[%emt 0:00:09] Weighted Error Value: White=0.34/Black=0.30} 1/2-1/2

[Event "21st IPCA World Championship 2022"]
[Site "Ashdod"]
[Date "2022.05.13"]
[Round "5.4"]
[White "Campos, Eugenio"]
[Black "Gerasimova, Svetlana"]
[Result "1-0"]
[ECO "B31"]
[WhiteElo "2247"]
[BlackElo "1906"]
[Annotator "TA"]
[PlyCount "55"]
[EventDate "2022.05.09"]
[EventType "swiss"]
[EventCountry "ISR"]
[SourceTitle "playchess.com"]
[Source "ChessBase"]
[SourceQuality "1"]
[TimeControl "5400+30"]

1. e4 c5 2. Nf3 Nc6 3. Bb5 g6 4. O-O Bg7 5. c3 e5 6. d3 Nge7 7. Be3 b6 {[%emt 0:01:31] B31: Sicilian: 2...Nc6 3 Bb5 g6.} 8. d4 cxd4 9. cxd4 exd4 {[%emt 0:01:01] White is slightly better.} 10. Nxd4 O-O 11. Nc3 Bb7 12. Rc1 {[%emt 0:00:23] [#]} Rc8 $146 ({Predecessor:} 12... a6 13. Ba4 b5 14. Bb3 Na5 15. Qg4 Nxb3 16. Nxb3 Nc6 17. Rfd1 Ne5 18. Qh3 d6 {½-½ (43) Golecki,J (1957)-Wolanski,M (1920) Suwalki 2017}) 13. Qd2 {[%emt 0:01:54] White is more active.} (13. Nf3 $14) 13... Ne5 (13... a6 $11 {remains equal.} 14. Be2 d5) 14. Qe2 (14. Bh6 {keeps more tension.} Bxh6 15. Qxh6 a6 16. Be2) 14... f5 15. exf5 (15. f4 {is interesting.} Ng4 16. e5 g5 17. Rcd1) 15... Nxf5 16. Nxf5 Rxf5 17. f4 Nc6 18. Rfd1 {[%emt 0:00:56] Inhibits Nd4.} Qe7 19. Nd5 $36 {[%emt 0:01:16][%mdl 2048] White is really pushing.} Qe4 {[%emt 0:02:39] [#] This move loses the game for Black.} (19... Qe8 $16 {was worth a try.}) 20. Bd3 $1 $18 Nd4 $2 (20... Qxd5 $2 21. Bc4 Ne7 22. Bxd5+ $18) (20... Qe6) 21. Rxc8+ {[%emt 0:00:58] White is clearly winning.} ({Inferior is} 21. Bxe4 Nxe2+ 22. Kf1 Rxc1 23. Bxc1 Nxc1 24. Ne7+ Kf8 25. Nxf5 Bxe4 26. Nxg7 Nd3 $14) 21... Bxc8 22. Bxe4 Nxe2+ 23. Kf2 Ba6 (23... Rf7 $142 24. Kxe2 Bxb2) 24. Ne7+ Kf7 25. Nxf5 gxf5 26. Bxf5 Bxb2 27. Rd2 Nc3 28. Rxd7+ {[%emt 0:00:11] Weighted Error Value: White=0.10 (very precise) /Black=0.56} 1-0

[Event "21st IPCA World Championship 2022"]
[Site "Ashdod"]
[Date "2022.05.13"]
[Round "5.5"]
[White "Lipilin, Ilia"]
[Black "Vardi, Moshe"]
[Result "1-0"]
[ECO "A60"]
[WhiteElo "2198"]
[BlackElo "1631"]
[Annotator "TA"]
[PlyCount "89"]
[EventDate "2022.05.09"]
[EventType "swiss"]
[EventCountry "ISR"]
[SourceTitle "playchess.com"]
[Source "ChessBase"]
[SourceQuality "1"]
[TimeControl "5400+30"]

1. d4 c5 2. d5 Nf6 3. c4 d6 4. Nc3 e6 5. e4 exd5 6. cxd5 Be7 7. Nf3 Bg4 {[%emt 0:00:46] A60: Modern Benoni: Early Divergences.} 8. Qa4+ Nbd7 9. Nd2 a6 {[%emt 0:00:27] [#] White is slightly better.} 10. f3 $146 ({Predecessor:} 10. h3 b5 11. Qc2 Bh5 12. a4 b4 13. Ne2 Bxe2 14. Bxe2 O-O 15. O-O Qb6 16. b3 {1-0 (28) Malaniuk,V (2509)-Jankowiak,P (1559) Gorzow Wielkopolski 2012}) 10... b5 11. Qc2 Bh5 12. a4 $1 b4 13. Nd1 h6 14. Nc4 O-O 15. a5 Re8 (15... Ne8 $14) 16. Be2 Bg6 17. Nde3 (17. Qb3 $1 $16) 17... Nxe4 $1 $11 18. fxe4 (18. Bd3 $1 $11 Ng5 19. O-O) 18... Bh4+ $19 19. Kd1 {[%emt 0:00:18] aiming for Nf5.} (19. g3 Bxe4 20. Bd3 Bxh1 $19) 19... Rxe4 20. Qb3 Qe7 ({And not} 20... Qf6 21. g3 Bg5 22. Rf1 Qd4+ 23. Ke1 $17) 21. Bd2 Bg5 22. Re1 Re8 {[%emt 0:02:09] And now ...Ne5 would win.} 23. Bd3 {[%emt 0:04:50] [#]} Bh5+ $2 (23... Rd4 24. Bxg6 (24. Nf5 $2 Qxe1+ 25. Bxe1 Bxf5 $19) 24... fxg6 25. Nc2 $15) (23... Qf6 $1 $19 {...Rd4 is the strong threat.} 24. Bxe4 Rxe4) 24. Kc2 Bxe3 (24... Bg6 $1 $11 {keeps the balance.}) 25. Bxe3 ({White should play} 25. Rxe3 $16 Rxe3 26. Nxe3 (26. Bxe3 Ne5 $11)) 25... Rg4 {[%emt 0:03:57][%mdl 8192] White now steadily converts the win.} (25... Qh4 $11 {and Black is okay.}) 26. g3 $18 {[%emt 0:01:25][%cal Oe3c5] Strongly threatening Bxc5!} Qf6 (26... Re4 {keeps fighting.} 27. Bd2 (27. Bg5 Rxe1 28. Bxe7 Rxa1 $17) 27... Nf6 28. Bxe4 Nxe4) 27. Rf1 Qe7 28. Rae1 Qf8 (28... Re4 {might work better.} 29. Bxe4 Qxe4+ 30. Qd3 Qe7) 29. Bf4 Ne5 30. Bf5 Bg6 $2 (30... Nxc4 31. Qxc4 Bg6) 31. Bxe5 Bxf5+ 32. Rxf5 dxe5 33. Rexe5 f6 34. d6 Kh7 35. Qd3 {[%emt 0:12:31] Rxf6+ would kill now.} Rd4 36. Rxf6+ Rxd3 37. Rxf8 Rxf8 38. Kxd3 {[%emt 0:00:14][%mdl 4096] Endgame KRN-KR} Rd8 39. Ke4 b3 40. Kd5 {[%emt 0:00:10] Black must now prevent Re7.} Kg6 41. Nb6 {[%emt 0:00:17] Threatens to win with Re7.} Kf6 42. d7 {[%emt 0:00:09] White mates.} c4 43. Re8 c3 44. Rxd8 c2 45. Rc8 {[%emt 0:00:04] Weighted Error Value: White=0.37/Black=0.82} 1-0

[Event "21st IPCA World Championship 2022"]
[Site "Ashdod"]
[Date "2022.05.13"]
[Round "5.6"]
[White "Shapiro, Benny"]
[Black "Valenta, Vit Vaclav"]
[Result "0-1"]
[ECO "E90"]
[WhiteElo "1884"]
[BlackElo "2014"]
[Annotator "TA"]
[PlyCount "97"]
[EventDate "2022.05.09"]
[EventType "swiss"]
[EventCountry "ISR"]
[SourceTitle "playchess.com"]
[Source "ChessBase"]
[SourceQuality "1"]
[TimeControl "5400+30"]

1. d4 Nf6 2. c4 d6 3. Nc3 g6 4. e4 Bg7 5. h3 Nbd7 6. Nf3 e5 7. d5 O-O 8. Bd3 a5 {[%emt 0:01:00] E90: King's Indian: Classical: Early deviations and 6 h3.} 9. O-O Nh5 {[%emt 0:00:11] [#]} 10. a3 $146 ({Predecessor:} 10. Bg5 f6 11. Be3 Nf4 12. Re1 g5 13. Bf1 b6 14. g3 Ng6 15. Nh2 Nc5 16. Qh5 {½-½ (26) Suseenthiram,R (2002)-Lonnqvist,H (2044) Helsinki 2015}) 10... Nf4 {[%emt 0:00:22] White has an edge.} 11. Bc2 Nb6 12. c5 dxc5 13. Be3 Nd7 (13... Nc4 $15) 14. Nb5 (14. Re1 $11) 14... b6 (14... c6 $1 $15 15. Nc3 Rb8) 15. d6 (15. Re1 $11) 15... Ba6 ({Better is} 15... cxd6 $17 {White must now prevent ...Ba6.} 16. Re1 Ba6) 16. Nxc7 {[%emt 0:03:53] [#]} (16. dxc7 $11 {was the only way to keep the balance.} Qe7 17. Ba4) 16... Bxf1 $2 (16... Be2 $1 $17 17. Qd2 Bxf3 18. Bxf4 exf4 19. gxf3 Qg5+ 20. Kh2 Rad8) 17. Qxf1 $14 Rc8 18. g3 Ne6 19. Nxe6 ({Much weaker is} 19. Nd5 Nd4 20. Ne7+ Kh8 21. Bxd4 cxd4 22. Nxc8 Qxc8 $17) 19... fxe6 20. Ng5 {[%emt 0:00:25] aiming for Bb3.} (20. Bg5 $5 Bf6 21. Bh6 $11) 20... Rf6 $1 {[%emt 0:08:02] Black wants to play ...h6.} 21. h4 (21. Qe2 $11) 21... h6 $15 22. Nh3 Nb8 23. Rd1 $1 Rc6 24. d7 $1 Rc7 25. Ba4 $1 Rf7 ({Black should play} 25... Nxd7 $15 26. Qd3 Rf7) 26. Qc4 $11 Re7 27. Rd6 Nxd7 28. Rxe6 Rxe6 29. Qxe6+ Kh7 30. Bb3 (30. Kg2 $15) 30... Nf6 31. Qxb6 Qc8 32. Bc4 Qb7 (32... Nxe4 $17 {Hoping for ...Rc6.} 33. Kg2 Nf6) 33. Qxa5 Rd7 34. f3 $1 Rd1+ 35. Kf2 $2 (35. Kg2 $1 $11) 35... Qxb2+ $19 36. Be2 Rh1 {[%emt 0:00:23] And now ...Rh2+ would win. The board is on fire.} 37. Ng1 $2 {[%emt 0:02:50] [#]} (37. Qd2 {nothing else works.} Rh2+ 38. Kf1 Qa1+ 39. Qd1 Qxa3 40. Bg1 Rxh3 41. Kg2 Rxg3+ 42. Kxg3) 37... Rxg1 $1 38. Kxg1 {[%emt 0:00:52] Qa6 is the strong threat.} (38. Qb5 Rb1) 38... Qxe2 39. Bf2 Qxf3 40. Qxc5 Nxe4 41. Qe3 Qd1+ (41... Qxf2+ $142 42. Qxf2 Nxf2 43. Kxf2 Bf8 44. Kf3 Kg7 45. Ke4 Kf6 46. a4 Bb4 47. Kf3 Ke6 48. Ke4 Ba5 49. g4 h5 50. Kf3 Kd5 51. Ke3 e4 52. Kf4 Kd4 53. Kg5 e3 54. Kh6 hxg4 55. Kxg6 e2 56. h5 e1=Q 57. Kf7 Qf2+ 58. Kg7 g3 59. h6 g2 60. Kh7 g1=Q 61. Kh8 Qf6+ 62. Kh7 Qgg6#) 42. Kg2 Qc2 43. Qf3 Nxf2 {[%emt 0:01:38] Black mates.} 44. Qxf2 Qxf2+ 45. Kxf2 {[%emt 0:18:58] KB-K3P} Bf8 46. a4 Kg7 47. Kf3 Kf6 48. Ke4 Ke6 49. g4 {[%emt 0:00:00] Weighted Error Value: White=0.98/Black=0.40} 0-1

[Event "21st IPCA World Championship 2022"]
[Site "Ashdod"]
[Date "2022.05.13"]
[Round "5.7"]
[White "Alperovich, Asher"]
[Black "Cosic, Radoslav"]
[Result "1-0"]
[ECO "E20"]
[WhiteElo "1865"]
[BlackElo "2003"]
[Annotator "TA"]
[PlyCount "89"]
[EventDate "2022.05.09"]
[EventType "swiss"]
[EventCountry "ISR"]
[SourceTitle "playchess.com"]
[Source "ChessBase"]
[SourceQuality "1"]
[TimeControl "5400+30"]

1. d4 Nf6 2. c4 e6 3. Nc3 Bb4 4. f3 O-O 5. a3 Be7 (5... Bxc3+ $5 6. bxc3 d5 $11) 6. e4 {[%emt 0:01:33] E20: Nimzo-Indian: 4 g3 and 4 f3.} d6 7. Be3 {[%emt 0:06:01] [#]} Nc6 $146 ({Predecessor:} 7... e5 8. Bd3 exd4 9. Bxd4 Nc6 10. Nge2 Ne5 11. Bxe5 dxe5 12. Qc2 Be6 13. O-O c6 {½-½ (23) May,P (1795)-Jones,R (1842) Harrogate 2017}) 8. Nge2 {[%emt 0:03:42] White is slightly better.} a6 9. Nc1 e5 10. d5 Nb8 11. Be2 Nh5 12. Qd2 b6 13. b4 Nf4 14. O-O Nd7 {[%emt 0:04:21] [#]} (14... a5 $11 {remains equal.}) 15. Nd3 (15. Bxf4 exf4 16. Nd3 (16. Qxf4 Bg5 $11) 16... g5 $11) (15. Bd1 $1 $16) 15... g5 (15... Nxe2+ $14 16. Qxe2 (16. Nxe2 f5 $11) 16... a5) 16. g3 ({Much weaker is} 16. Bxf4 $6 exf4 17. g3 fxg3 $11) 16... Nxe2+ 17. Qxe2 Kh8 18. Kg2 Rg8 19. Rh1 Nf8 20. Kf2 Ng6 21. Ke1 Bd7 22. Kd2 Bf6 (22... Qf8 $11) 23. c5 dxc5 24. bxc5 bxc5 25. Nxc5 Bc8 26. Rhd1 Bg7 27. Ke1 Qf6 28. Rac1 {[%emt 0:00:00] White is much more active.} Rb8 29. Rb1 Rxb1 30. Rxb1 h6 31. Nd3 {[%emt 0:00:30] Pair of Knights!} Nf4 $2 {[%emt 0:00:30][%mdl 8192] This costs Black the game.} 32. gxf4 $18 exf4 33. e5 Qg6 34. Bd4 Bf5 35. Rd1 ({Weaker is} 35. Ne4 Rd8 36. Rb7 Rxd5 $18) 35... Rb8 36. Nf2 h5 37. h3 {[%emt 0:01:00] Inhibits g4.} Rb3 $2 (37... Re8 {might work better.} 38. Kf1 Kh7) 38. Qc4 Rb2 39. Nce4 Rxf2 40. Nxf2 g4 41. hxg4 hxg4 42. fxg4 Bd7 43. Qxc7 {[%emt 0:00:30] Qd8+ would kill now.} Bb5 44. Qc8+ Kh7 45. Qf5 {[%emt 0:01:00] Weighted Error Value: White=0.16 (very precise) /Black=0.63} (45. Kd2 $142 Qh6 46. Rh1 Qxh1 47. Nxh1 a5 {[#]} 48. e6 $1 f6 49. e7 f3 50. d6) 1-0

[Event "21st IPCA World Championship 2022"]
[Site "Ashdod"]
[Date "2022.05.13"]
[Round "5.8"]
[White "Oliel, Yehonatan"]
[Black "Srimskov, Elishar"]
[Result "0-1"]
[ECO "E90"]
[WhiteElo "1535"]
[BlackElo "1992"]
[Annotator "TA"]
[PlyCount "128"]
[EventDate "2022.05.09"]
[EventType "swiss"]
[EventCountry "ISR"]
[SourceTitle "playchess.com"]
[Source "ChessBase"]
[SourceQuality "1"]
[TimeControl "5400+30"]

1. d4 Nf6 2. Nf3 g6 3. c4 Bg7 4. Nc3 O-O 5. e4 d6 6. Be3 Ng4 7. Bf4 Nd7 {[%emt 0:00:00] E90: King's Indian: Classical: Early deviations and 6 h3.} 8. h3 Ngf6 {[%emt 0:00:00] [#]} 9. Qd2 $146 ({Predecessor:} 9. Be2 c5 10. dxc5 Nxc5 11. Qc2 b6 12. Rd1 Qc7 13. Nd5 Nxd5 14. cxd5 Qd7 15. O-O {0-1 (46) Rodriguez,J-Ortiz,N Buenos Aires 1997}) 9... Ne8 (9... e5 $11 10. dxe5 Nxe5) 10. O-O-O c6 11. Be2 Qa5 12. Kb1 e5 (12... a6 $14) 13. Bh6 $16 Nef6 14. g4 Re8 15. Bxg7 Kxg7 16. g5 ({Better is} 16. Qe3 $16) 16... Nh5 $14 17. d5 (17. Nh2 $16) 17... c5 (17... Nf4 $11) 18. Ne1 Nf4 19. Nd3 Nxe2 20. Qxe2 a6 21. f4 {[%emt 0:03:43] aiming for h4.} b5 22. Nc1 $2 {[%emt 0:03:49][%mdl 8192] [#]} (22. h4 $1 $14 {stays ahead.}) 22... b4 $1 $19 ({Inferior is} 22... exf4 23. Qf3 $15) 23. Nb3 Qd8 24. Na4 exf4 25. h4 Ne5 {[%emt 0:00:00] Against Qf3} 26. Qc2 Qc7 27. Rdf1 Bd7 28. Nd2 f3 29. b3 (29. Nxf3 $142 Bxa4 30. Qxa4) 29... Bxa4 30. bxa4 Qe7 {[%emt 0:00:00] 0x0.001ab44fa1dddp-1022s more active pieces.} 31. Rf2 Ra7 32. Re1 Rb7 33. Nxf3 Nxf3 (33... Qd7 $17 {[%cal Ob4b3] ...b3! is the strong threat.} 34. Nxe5 Rxe5) 34. Rxf3 $11 Qe5 35. Rf6 $2 {[%emt 0:02:45][%mdl 8192] [#]} (35. a5 $11) 35... h6 $2 (35... b3 $1 $19 36. axb3 Qg3 37. Rxf7+ Rxf7) 36. Qb2 $15 {[%emt 0:02:12] Black must now prevent Rxd6.} hxg5 37. hxg5 Rd7 38. Ka1 (38. Rf4 $1 $15) 38... Qxb2+ $19 39. Kxb2 {[%emt 0:00:06][%cal Oe4e5][%mdl 4096] Endgame KRR-KRR} Re5 40. Rf4 Rxg5 41. Rh4 Rg2+ 42. Kb3 Rg3+ 43. Kb2 Re7 44. Reh1 Rg2+ 45. Kb3 Rf2 46. Rh7+ Kf6 47. Re1 Rf3+ 48. Kb2 Ke5 ({Wrong is} 48... Rf4 $2 49. Rh8 $19) 49. Rh8 Ra3 50. Rf1 Rxa4 {[%emt 0:00:00] Black is clearly winning.} 51. Rh7 Kd4 52. Rhxf7 Rxe4 53. R7f4 g5 54. Rxe4+ Kxe4 {[%emt 0:00:14] KR-KR} 55. Rg1 Kf5 56. Rf1+ Kg6 57. Re1 Ra3 58. Re6+ Kf5 59. Rxd6 Rc3 60. Rxa6 Rxc4 {[%emt 0:00:08] Strongly threatening ...g4.} 61. Rc6 g4 {[%emt 0:01:00][%cal Bg5g4,Bg4g3][%mdl 32] Threatens to win with ...g3.} 62. Kb3 Rc3+ 63. Ka4 g3 64. Rc8 Ke5 {[%emt 0:01:11] Weighted Error Value: White=0.59/Black=0.39} 0-1

[Event "21st IPCA World Championship 2022"]
[Site "Ashdod"]
[Date "2022.05.13"]
[Round "5.10"]
[White "Pilimon, Zbigniew"]
[Black "Freiberg, Doron"]
[Result "0-1"]
[ECO "D06"]
[WhiteElo "1620"]
[BlackElo "1244"]
[Annotator "NA RC COMBH"]
[PlyCount "110"]
[EventDate "2022.05.09"]
[EventType "swiss"]
[EventCountry "ISR"]
[SourceTitle "playchess.com"]
[Source "ChessBase"]
[SourceQuality "1"]
[TimeControl "5400+30"]

1. d4 Nf6 2. c4 d5 3. cxd5 Qxd5 4. Nc3 Qa5 5. e3 Ne4 6. Qc2 Bf5 7. Bd3 Nd6 8. Nge2 Bxd3 9. Qxd3 Nc6 10. O-O g6 11. e4 Bg7 12. Be3 Nb4 13. Qd1 O-O 14. a3 Nc6 15. Qd3 b5 16. Nd5 Rac8 17. b3 e6 18. Rfc1 exd5 19. Rxc6 dxe4 20. Qc2 b4 21. axb4 Qxa1+ 22. Bc1 Bh6 23. Rc5 Bxc1 24. Qxc1 Qxc1+ 25. Rxc1 Nb5 26. g3 Rfd8 27. Rc4 g5 28. Kg2 Rd7 29. g4 Rcd8 30. d5 Rxd5 31. Rxe4 Nd6 32. Re7 Nb5 33. Ng3 R5d7 34. Re5 Rd5 35. Re4 Rd4 36. Re5 R4d5 37. Re4 f6 38. Nf5 Re5 39. Rc4 Rd7 40. h3 Nd6 41. Rd4 Kf7 42. Ne3 Re4 43. Rd5 Rxb4 44. Rd3 Rd8 45. Nd5 Rb7 46. Rf3 Ne4 47. Re3 Rxd5 48. Rxe4 Rxb3 49. Rc4 c5 50. Ra4 Rd7 51. Ra1 c4 52. f3 c3 53. Kg3 Rc7 54. h4 gxh4+ 55. Kxh4 c2 0-1